 Dungeon Crawl Stone Soup version 0.31-a0-303-gdc8c9485ea (webtiles) character file.

Game seed: 4921252681372452076

470 zazu2006 the Cudgeller (level 7, -11/52 HPs)
             Began as a Gnoll Wanderer on July 16, 2023.
             Killed by nerve-wracking pain
             ... invoked by an orc priest
              (14 damage)
             ... on level 6 of the Dungeon.
             The game lasted 00:07:35 (2997 turns).

zazu2006 the Cudgeller (Gnoll Wanderer)             Turns: 2997, Time: 00:07:35

Health: -11/52     AC:  8    Str: 14    XL:     7   Next: 9%
Magic:  12/12      EV: 10    Int: 12    God:
Gold:   222        SH:  8    Dex: 10    Spells: 13/13 levels left

rFire   . . .        a - +2 hand axe
rCold   . . .        k - +0 kite shield
rNeg    . . .        e - +0 leather armour
rPois   +            (no helmet)
rElec   .            (no cloak)
rCorr   .            (no gloves)
SInv    .            j - +0 pair of boots
Will    .....        (no amulet)
Stlth   ++           i - ring of poison resistance
HPRegen 0.28/turn    u - +4 ring of protection
MPRegen 0.13/turn

%: no passive effects
@: no status effects
A: fangs 1, strong nose, distributed training
a: no special abilities


You were on level 6 of the Dungeon.
You visited 1 branch of the dungeon, and saw 5 of its levels.

You collected 222 gold pieces.

Inventory:

Hand Weapons
 a - a +2 hand axe (weapon)
 b - a +0 mace
Missiles
 m - 6 curare-tipped darts
Armour
 c - a +0 buckler
 e - a +0 leather armour (worn)
 j - a +0 pair of boots (worn)
 k - a +0 kite shield (worn)
 t - a +2 scale mail of fire resistance
Jewellery
 i - a ring of poison resistance (left hand)
 u - a +4 ring of protection (right hand)
 v - a ring of flight
Wands
 q - a wand of roots (1)
Scrolls
 g - a scroll of revelation
 h - a scroll of identify
 r - a scroll of fear
 s - a scroll of enchant weapon
Potions
 l - a potion of brilliance {unknown}
 n - a potion of enlightenment {unknown}
 o - a potion of haste {unknown}


   Skills:
 + Level 3.5 Fighting
 + Level 2.3 Short Blades
 + Level 2.3 Long Blades
 + Level 5.1 Axes
 + Level 7.0 Maces & Flails
 + Level 2.3 Polearms
 + Level 2.3 Staves
 + Level 2.3 Ranged Weapons
 + Level 2.3 Throwing
 + Level 3.5 Armour
 + Level 2.3 Dodging
 + Level 2.3 Stealth
 + Level 3.5 Shields
 + Level 2.3 Unarmed Combat
 + Level 3.6 Spellcasting
 + Level 1.8 Conjurations
 + Level 1.8 Hexes
 + Level 1.8 Summonings
 + Level 1.8 Necromancy
 + Level 1.8 Translocations
 + Level 1.8 Transmutations
 + Level 1.8 Fire Magic
 + Level 1.8 Ice Magic
 + Level 1.8 Air Magic
 + Level 1.8 Earth Magic
 + Level 1.8 Poison Magic
 + Level 3.6 Invocations
 + Level 2.3 Evocations
 + Level 1.8 Shapeshifting


You had 13 spell levels left.
You didn't know any spells.
Your spell library contained the following spells:

 Spells                   Type           Power      Damage    Failure   Level
 Iskenderun's Battlesphe  Conj           6%         2d6       100%        5
 Leda's Unmaking          Conj/Erth      3%         9d1       100%        6
 Spellforged Servitor     Conj/Summ      3%         N/A       100%        7


Dungeon Overview and Level Annotations

Branches:
Dungeon (4/15)
 Temple: D:4-7

Altars:

Shops:
D:1 :

Annotations:
D:6 2 transporters, Sigmund


Innate Abilities, Weirdness & Mutations

You have very sharp teeth.
Your uncanny sense of smell can sniff out nearby items.
Your experience applies equally to all skills.


Message History

Press: ? - help, Dir - move target
Found a war axe.
Found a transporter.
As you read the scroll of blinking, it crumbles to dust.
Found a stone staircase leading down.
An acid dragon comes into view.
Unknown command.
Found a stone staircase leading up.
Sigmund the Dreaded comes into view.
He is wielding a +0 scythe.
Found a scroll labelled JEARAO KAQESCH.
Found a hand axe.
Found a wand of flame (8).
An iguana comes into view.
Found a transporter.
Found a plate armour.
The iguana bites you!
* * * LOW HITPOINT WARNING * * *
The iguana attacks as you move away! The iguana bites you.
* * * LOW HITPOINT WARNING * * *
Aiming: Fastroot
Press: ? - help, Shift-Dir - straight line, f - iguana
Aim: an iguana The roots erupt in riotous growth!
Roots grab the iguana.
The grasping roots constrict the iguana.
You hear a howl!
You hear a shout! x5
The iguana closely misses you.
Unknown command.
The grasping roots constrict the iguana!
The iguana struggles to escape constriction.
The grasping roots constrict the iguana!
You kill the iguana!
Your Maces & Flails skill increases to level 7!
Found a stone staircase leading up.
An orc priest comes into view. It is wielding a +0 dagger.
The orc priest calls down the wrath of Beogh upon you.
Pain shoots through your body!
* * * LOW HITPOINT WARNING * * *
The orc priest mumbles some strange prayers to Beogh against you.
Pain shoots through your body!
You die...

*,**,,,,**8,,_,,8**,*
**,**,..,.****##***,,*
**,,,,_#.#.,,,.©.,,,,**
***,,,,**#...,,....,,,**
**,,,*,** #..###....,,,*
**,,***,* #.<#.....#****
**,,** #.*###.......#*
*#..****#.##.......#**
##..##**......#.@.#**
.......,..........#
###############...#
#8P#~~~~~~S#P8#...#
#..#.......#..#..[######****
#©)+...⌠...+/©#©..o.....,,,*
#..#.......#..#...#.....,,,*
#8P#~~~~~~S#P8#.###.....,,,*
###############.#**,....,,,*


You could see 2 electric eels and an orc priest.

Vanquished Creatures
  Grinder (D:3)
  A hound (D:6)
  3 iguanas
  Terence (D:3)
  An orc wizard (D:6)
  3 adders
  2 worms
  5 orcs
  6 bats
  6 endoplasms
  7 giant cockroaches
  8 hobgoblins
  6 kobolds
  2 quokkas (D:1)
  6 ball pythons
  5 frilled lizards
  10 goblins
  9 rats
82 creatures vanquished.

Notes
Turn   | Place    | Note
-------+----------+-------------------------------------------
     0 | D:1      | zazu2006 the Gnoll Wanderer began the quest for the Orb.
     0 | D:1      | zazu2006 set off with the following items: a +2 hand axe, a
                  | +0 mace, a +0 buckler, a scroll of blinking, a +0 leather
                  | armour.
     0 | D:1      | Reached XP level 1. HP: 17/17 MP: 4/4
   264 | D:1      | Reached XP level 2. HP: 19/23 MP: 5/5
   482 | D:1      | Found Goculuca's Book Shoppe.
   898 | D:2      | Reached XP level 3. HP: 28/28 MP: 7/7
  1207 | D:2      | Reached skill level 1 in Short Blades
  1207 | D:2      | Reached skill level 1 in Long Blades
  1207 | D:2      | Reached skill level 1 in Polearms
  1207 | D:2      | Reached skill level 1 in Staves
  1207 | D:2      | Reached skill level 1 in Ranged Weapons
  1207 | D:2      | Reached skill level 1 in Throwing
  1207 | D:2      | Reached skill level 1 in Dodging
  1207 | D:2      | Reached skill level 1 in Stealth
  1207 | D:2      | Reached skill level 1 in Unarmed Combat
  1207 | D:2      | Reached skill level 1 in Evocations
  1330 | D:2      | Reached XP level 4. HP: 8/34 MP: 8/8
  1802 | D:3      | Noticed Grinder
  1804 | D:3      | Paralysed by Grinder for 3 turns
  1809 | D:3      | Paralysed by Grinder for 3 turns
  1823 | D:3      | Paralysed by Grinder for 3 turns
  1829 | D:3      | Killed Grinder
  1830 | D:3      | Reached skill level 1 in Conjurations
  1830 | D:3      | Reached skill level 1 in Hexes
  1830 | D:3      | Reached skill level 1 in Summonings
  1830 | D:3      | Reached skill level 1 in Necromancy
  1830 | D:3      | Reached skill level 1 in Translocations
  1830 | D:3      | Reached skill level 1 in Transmutations
  1830 | D:3      | Reached skill level 1 in Fire Magic
  1830 | D:3      | Reached skill level 1 in Ice Magic
  1830 | D:3      | Reached skill level 1 in Air Magic
  1830 | D:3      | Reached skill level 1 in Earth Magic
  1830 | D:3      | Reached skill level 1 in Poison Magic
  1830 | D:3      | Reached skill level 1 in Shapeshifting
  1830 | D:3      | Reached XP level 5. HP: 3/41 MP: 8/10
  1830 | D:3      | Reached XP level 6. HP: 3/47 MP: 8/11
  1868 | D:3      | Noticed Terence
  2023 | D:3      | Reached skill level 5 in Axes
  2201 | D:3      | Found a faded altar of an unknown god.
  2243 | D:3      | Killed Terence
  2774 | D:4      | You fall into a shaft and drop 2 floors!
  2865 | D:6      | Noticed a shadow
  2962 | D:6      | Reached XP level 7. HP: 11/52 MP: 12/12
  2968 | D:6      | Found a transporter.
  2974 | D:6      | Noticed Sigmund
  2981 | D:6      | Found a transporter.
  2992 | D:6      | Reached skill level 7 in Maces & Flails
  2997 | D:6      | Killed from afar by an orc priest

Illustrated notes

Levels and vault maps discovered:
D:1:      minmay_arrival_cross, layout_loops_ring, serial_shops, shop,
          nrook_uturn, corexii_leaking_fountain
D:2:      cheibrodos_greedy_goblins, layout_basic, chequers_serial_rivers_room_b
D:3:      layout_rooms, shapermc_ecumenical_altar_mp_vishouse,
          minmay_pentomino_pile, uniq_terence, uniq_grinder
D:4:      layout_rooms, kennysheep_generic_room_5
D:6:      gammafunk_steamed_eel, layout_rooms, overflow_temple_1_default,
          gammafunk_temple_overflow_arena, grunt_ministairs_1, nicolae_sextant,
          grunt_decor_mini_mirrors, uniq_blork_the_orc, uniq_crazy_yiuf_cottage,
          uniq_sigmund, uniq_menkaure, uniq_maggie

Skill      XL: |  1  2  3  4  5  6  7 |
---------------+----------------------+-----
Short Blades   | 1 2 |  2.3
Long Blades    | 1 2 |  2.3
Polearms       | 1 2 |  2.3
Staves         | 1 2 |  2.3
Ranged Weapons | 1 2 |  2.3
Throwing       | 1 2 |  2.3
Dodging        | 1 2 |  2.3
Stealth        | 1 2 |  2.3
Unarmed Combat | 1 2 |  2.3
Evocations     | 1 2 |  2.3
Spellcasting   | 3 |  3.6
Fighting       | 3 |  3.5
Armour         | 3 |  3.5
Shields        | 3 |  3.5
Conjurations   | 1 |  1.8
Hexes          | 1 |  1.8
Summonings     | 1 |  1.8
Necromancy     | 1 |  1.8
Translocations | 1 |  1.8
Transmutations | 1 |  1.8
Fire Magic     | 1 |  1.8
Ice Magic      | 1 |  1.8
Air Magic      | 1 |  1.8
Earth Magic    | 1 |  1.8
Poison Magic   | 1 |  1.8
Invocations    | 3 |  3.6
Shapeshifting  | 1 |  1.8
Axes           | 5 |  5.1
Maces & Flails | 7 |  7.0

Action                     |  1- 3 |  4- 6 |  7- 9 || total
---------------------------+-------+-------+-------++-------
  Melee: Hand axe          |   130 |   145 |       ||   275
         Bite              |     9 |    18 |       ||    27
  Throw: Dart              |       |     1 |       ||     1
  Evoke: Wand              |       |     7 |     1 ||     8
    Use: Scroll            |       |     5 |     1 ||     6
         Potion            |       |     1 |       ||     1
   Stab: Sleeping          |       |     2 |       ||     2
         Distracted        |       |     1 |       ||     1
 Armour: Leather armour    |    34 |    63 |     1 ||    98
  Dodge: Dodged            |    57 |    78 |     1 ||   136
  Block: Buckler           |     8 |       |       ||     8
         Kite shield       |    27 |    77 |     1 ||   105

Table legend: (Time is in decaauts)
 A = Elapsed time spent in this place.
 B = Non-inter-level travel time spent in this place.
 C = Inter-level travel time spent in this place.
 D = Time resting spent in this place.
 E = Time spent auto-exploring this place.
 F = Levels seen in this place.
 G = Mean time per level.
                   A        B        C        D        E       F      G
               +--------+--------+--------+--------+--------+-----+--------+
         Total |   3058 |   2953 |    105 |     98 |   2018 |   5 |  611.6 |
       Dungeon |   3058 |   2953 |    105 |     98 |   2018 |   5 |  611.6 |
               +--------+--------+--------+--------+--------+-----+--------+

Top non-repeatable levels by time:
     D:3: 898 daAuts
     D:1: 888 daAuts
     D:2: 833 daAuts
     D:6: 228 daAuts
     D:4: 209 daAuts
